 Dungeon Crawl Stone Soup version 0.27.0-1-g7a089689b8 (webtiles) character file.

Game seed: 14037900352061627540

818 dolemite99 the Spear-Bearer (level 7, -7/50 HPs)
             Began as a Merfolk Gladiator on July 31, 2021.
             Was a Believer of Jiyva.
             Mangled by an ogre (15 damage)
             ... on level 5 of the Dungeon.
             The game lasted 00:05:50 (5668 turns).

dolemite99 the Spear-Bearer (Merfolk Gladiator)     Turns: 5668, Time: 00:05:50

Health: -7/50      AC: 10    Str: 19    XL:     7   Next: 94%
Magic:  7/7        EV:  9    Int:  7    God:    Jiyva [**....]
Gold:   154        SH:  0    Dex: 19    Spells: 4/6 levels left

rFire    . . .     SeeInvis .   a - +0 trident
rCold    . . .     Faith    .   (no shield)
rNeg     . . .     Spirit   .   m - +0 chain mail
rPois    .         Reflect  .   c - +0 helmet
rElec    .         Harm     .   n - +0 cloak
rCorr    .         Rampage  .   (no gloves)
Will     .....                  (no boots)
Stlth    ..........             (no amulet)
HPRegen  0.16/turn              o - +6 ring of dexterity
MPRegen  0.10/turn              t - ring of wizardry

@: brilliant, flying
A: (nimble swimmer 2), mertail
a: Renounce Religion, Request Jelly


You were on level 5 of the Dungeon.
You worshipped Jiyva.
Jiyva was pleased with you.
You visited 1 branch of the dungeon, and saw 6 of its levels.

You collected 154 gold pieces.

Inventory:

Hand Weapons
 a - a +0 trident (weapon)
 r - a +0 halberd
Missiles
 u - 10 sling bullets
Armour
 b - a +0 leather armour
 c - a +0 helmet (worn)
 d - a +0 scale mail
 f - a +0 ring mail
 g - a +0 helmet
 m - a +0 chain mail (worn)
 n - a +0 cloak (worn)
Jewellery
 i - an amulet of magic regeneration
 o - a +6 ring of dexterity (left hand)
 t - a ring of wizardry (right hand)
Scrolls
 j - a scroll of brand weapon {unknown}
 k - 4 scrolls of identify {unknown}
 l - a scroll of silence {unknown}
 p - a scroll of amnesia {unknown}
 q - a scroll of enchant armour {unknown}
Potions
 e - 2 potions of brilliance


   Skills:
 - Level 2.1 Fighting
 + Level 12.6 Polearms
 - Level 2.0 Throwing
 - Level 4.0 Dodging


You had 4 spell levels left.
You knew the following spells:

 Your Spells              Type           Power      Damage    Failure   Level
a - Slow                  Hex            0%         N/A       98%         2

Your spell library contained the following spells:

 Spells                   Type           Power      Damage    Failure   Level
 Confusing Touch          Hex            0%         N/A       99%         3
 Vampiric Draining        Necr           0%         2d6       99%         3


Dungeon Overview and Level Annotations

Branches:
Dungeon (6/15)
 Temple: D:4-7

Altars:
Nemelex Xobeh
Jiyva


Innate Abilities, Weirdness & Mutations

((You are quick and stealthy near water. (Stealth+, EV+, Speed+++)))
Your lower body shifts to a powerful aquatic tail in water.


Message History

You feel better. Something hits you but does no damage.
Unknown command.
You hit something but do no damage. You hit something but do no damage.
Something hits you. Something shocks you.
You closely miss something. Something hits you but does no damage.
You miss something. Something hits you but does no damage.
You closely miss something. You hit something but do no damage.
Something hits you. Something shocks you.
* * * LOW HITPOINT WARNING * * *
You closely miss something.
A sky beast appears from thin air!
Reactivating autopickup.
The sky beast hits you but does no damage.
You miss the sky beast.
It was a potion of flight.
You feel very buoyant.
You fly up into the air.
The sky beast barely misses you.
You miss the sky beast.
The sky beast hits you but does no damage.
You hit the sky beast.
The sky beast is lightly wounded.
The sky beast closely misses you.
Your chain mail prevents you from hitting the sky beast.
The sky beast is lightly wounded.
You puncture the sky beast!
The sky beast is moderately wounded.
The sky beast flickers out of sight!
Deactivating autopickup; reactivate with Ctrl-A.
Something hits you but does no damage.
You closely miss something. Something hits you but does no damage.
You puncture something! Something hits you.
* * * LOW HITPOINT WARNING * * *
Something shocks you.
* * * LOW HITPOINT WARNING * * *
You puncture something!
Reactivating autopickup.
You feel a bit more experienced.
You hit the ogre.
The ogre is lightly wounded.
The ogre hits you with a +0 giant club!
You die...

#.....##
##..##
##...####
##......##
#...###...## #
##..###...#
##..#....## #
#...# ##..##
#.....###
##..## ##.<##
##...## #..##
#...## #.>##
...# ##...#
##..# ..##
##..######..##
..###
##..#@O.....#
##..#
##.#######.##
##### ### ##.#
###


You could see an ogre.

Vanquished Creatures
  Prince Ribbit (D:5)
  Duvessa (D:4)
  A sky beast (D:5)
  A black bear (D:5)
  An ogre (D:5)
  Dowan (D:4)
  A scorpion (D:5)
  A bullfrog zombie (D:5)
  2 hounds
  A bullfrog skeleton (D:5)
  Crazy Yiuf (D:2)
  A scorpion zombie (D:5)
  An orc wizard (D:4)
  Robin (D:2)
  3 adders
  7 gnolls
  7 orcs
  2 ball pythons (D:1)
  An endoplasm (D:1)
  2 giant cockroaches
  3 goblins
  3 hobgoblins
  3 quokkas
  5 bats
  2 frilled lizards (D:1)
  3 kobolds
  2 rats
58 creatures vanquished.

Vanquished Creatures (others)
  A black bear (D:2)
  12 jellies
  2 adders
  A white imp (D:5)
  2 adder skeletons (D:4)
  A worm (D:4)
  2 endoplasms
  9 goblins
  6 hobgoblins
  4 jackals (D:3)
  A ball python (D:2)
  2 kobolds (D:3)
  A rat (D:3)
44 creatures vanquished.

Grand Total: 102 creatures vanquished

Notes
Turn   | Place    | Note
-------+----------+-------------------------------------------
     0 | D:1      | dolemite99 the Merfolk Gladiator began the quest for the
                  | Orb.
     0 | D:1      | Reached XP level 1. HP: 16/16 MP: 1/1
   215 | D:1      | Reached skill level 5 in Polearms
   335 | D:1      | Reached XP level 2. HP: 22/22 MP: 2/2
   846 | D:2      | Found a faded altar of an unknown god.
   879 | D:2      | Became a worshipper of Jiyva Juileq the Shapeless
   879 | D:2      | Reached * piety under Jiyva
   952 | D:2      | Reached skill level 6 in Polearms
   952 | D:2      | Reached XP level 3. HP: 20/27 MP: 3/3
  1230 | D:2      | Noticed Robin
  1241 | D:2      | Killed Robin
  1383 | D:2      | Found a sparkling altar of Nemelex Xobeh.
  1510 | D:2      | Killed a black bear
  1581 | D:2      | Found a runed translucent door.
  1582 | D:2      | Noticed Crazy Yiuf
  1590 | D:2      | Killed Crazy Yiuf
  1591 | D:2      | Reached skill level 7 in Polearms
  1591 | D:2      | Reached XP level 4. HP: 32/33 MP: 4/4
  1982 | D:3      | Reached ** piety under Jiyva
  2247 | D:3      | Reached skill level 8 in Polearms
  2503 | D:4      | Reached XP level 5. HP: 38/38 MP: 5/5
  2720 | D:4      | Noticed Dowan
  2720 | D:4      | Noticed Duvessa
  2740 | D:4      | Killed Duvessa
  2741 | D:4      | Reached skill level 9 in Polearms
  2784 | D:4      | Killed Dowan
  2785 | D:4      | Reached XP level 6. HP: 2/44 MP: 6/6
  3990 | D:5      | Entered Level 5 of the Dungeon
  4228 | D:5      | Reached skill level 10 in Polearms
  4431 | D:5      | Learned a level 2 spell: Slow
  4566 | D:5      | Reached XP level 7. HP: 45/50 MP: 7/7
  4601 | D:5      | Noticed Prince Ribbit
  4973 | D:5      | Reached skill level 11 in Polearms
  5261 | D:5      | Killed Prince Ribbit
  5263 | D:5      | Reached skill level 12 in Polearms
  5668 | D:5      | Mangled by an ogre

Illustrated notes

Levels and vault maps discovered:
D:1:      dpeg_arrival_erosion, layout_loops_ring,
          wander_ebering_terrifying_dragon_lair
D:2:      layout_loops_cross, basic_altar, ebering_ecumenical_altar_abandoned,
          uniq_crazy_yiuf_cottage, uniq_robin
D:3:      layout_basic, feat_on_display
D:4:      layout_layer_cave, uniq_duvessa
D:5:      layout_layer_cave, uniq_prince_ribbit1
D:6:      layout_rooms, temple_statues

Skill      XL: |  1  2  3  4  5  6  7 |
---------------+----------------------+-----
Polearms       | 5 6 7 8 9 10 12 | 12.6
Fighting       | |  2.1
Throwing       | |  2.0
Dodging        | |  4.0

Action                   |  1- 3 |  4- 6 |  7- 9 || total
-------------------------+-------+-------+-------++-------
Melee: Trident           |    57 |   128 |    58 ||   243
Throw: Throwing net      |     3 |     3 |       ||     6
Invok: Request Jelly     |       |       |     4 ||     4
  Use: Potion            |     1 |       |     4 ||     5
Armor: Leather armour    |     4 |       |       ||     4
       Chain mail        |    21 |    46 |    17 ||    84
       Ring mail         |     3 |       |       ||     3
Dodge: Dodged            |    18 |    46 |    13 ||    77
